 Dungeon Crawl Stone Soup version 0.30-a0-862-g1aabd4f9c5 (webtiles) character file.

Game seed: 3692614120482263032

117 CowFu the Charlatan (level 5, 0/40 HPs)
             Began as a Gnoll Artificer on Mar 9, 2023.
             Slain by a hobgoblin
             ... wielding the +7 hammer "Newtslayer" {freeze, Fragile rN+ Will+}
              (2 damage)
             ... on level 3 of the Dungeon.
             The game lasted 00:03:43 (2483 turns).

CowFu the Charlatan (Gnoll Artificer)               Turns: 2483, Time: 00:03:43

Health: 0/40       AC:  4    Str: 14    XL:     5   Next: 1%
Magic:  7/7        EV: 12    Int: 10    God:
Gold:   101        SH:  0    Dex: 12    Spells: 6/6 levels left

rFire   . . .      SeeInvis .    b - staff of earth
rCold   . . .      Faith    .    (no shield)
rNeg    . . .      Spirit   .    g - +0 leather armour
rPois   .          Reflect  .    j - +0 helmet
rElec   .          Rampage  .    (no cloak)
rCorr   .                        (no gloves)
Will    .....                    (no boots)
Stlth   ++                       (no amulet)
HPRegen 0.26/turn                (no ring)
MPRegen 0.10/turn                (no ring)

@: no status effects
A: fangs 1, strong nose, distributed training
a: no special abilities


You were on level 3 of the Dungeon.
You visited 1 branch of the dungeon, and saw 3 of its levels.

You collected 101 gold pieces.

Inventory:

Hand Weapons
 a - a +0 club
Armour
 g - a +0 leather armour (worn)
 j - a +0 helmet (worn)
Magical Staves
 b - a staff of earth (weapon)
Jewellery
 h - a ring of positive energy
Wands
 d - a wand of charming (11) (quivered)
 e - a wand of iceblast (5)
Scrolls
 c - a scroll of immolation {unknown}
 i - a scroll of identify {unknown}
 k - 6 scrolls of teleportation {unknown}
 l - a scroll of blinking {unknown}
 n - a scroll of magic mapping {unknown}
 p - a scroll of fear {unknown}
Potions
 f - a potion of berserk rage {unknown}
 m - a potion of curing {unknown}
 o - a potion of haste {unknown}


   Skills:
 + Level 2.9 Fighting
 + Level 1.4 Short Blades
 + Level 1.4 Long Blades
 + Level 1.4 Axes
 + Level 1.4 Maces & Flails
 + Level 1.4 Polearms
 + Level 1.4 Staves
 + Level 1.4 Ranged Weapons
 + Level 1.4 Throwing
 + Level 4.7 Armour
 + Level 2.9 Dodging
 + Level 2.7 Stealth
 + Level 1.4 Shields
 + Level 1.4 Unarmed Combat
 + Level 1.4 Spellcasting
 + Level 1.1 Conjurations
 + Level 1.1 Hexes
 + Level 1.1 Summonings
 + Level 1.1 Necromancy
 + Level 1.1 Translocations
 + Level 1.1 Transmutations
 + Level 1.1 Fire Magic
 + Level 1.1 Ice Magic
 + Level 1.1 Air Magic
 + Level 1.1 Earth Magic
 + Level 1.1 Poison Magic
 + Level 1.5 Invocations
 + Level 6.6 Evocations


You had 6 spell levels left.
You didn't know any spells.
Your spell library was empty.

Dungeon Overview and Level Annotations

Branches:
Dungeon (3/15)

Altars:
Qazlal


Innate Abilities, Weirdness & Mutations

You have very sharp teeth.
Your uncanny sense of smell can sniff out nearby items.
Your experience applies equally to all skills.


Message History

The adder is moderately wounded.
The adder bites you but does no damage. The hobgoblin barely misses you.
The adder closely misses you.
The hobgoblin hits you with the +7 hammer "Newtslayer" {freeze, Fragile rN+ Will+}!
The hobgoblin freezes you.
* * * LOW HITPOINT WARNING * * *
There are monsters nearby!
You are too injured to fight recklessly!
There are monsters nearby!
There are monsters nearby!
You are too injured to fight recklessly!
You are too injured to fight recklessly!
You are too injured to fight recklessly!
You don't know any spells.
Aiming: Charm
Press: ? - help, Shift-Dir - straight line, f - adder
Aim: an adder (moderately wounded, chance to affect: 73%)
The adder is charmed.
The hobgoblin barely misses you.
You hit the hobgoblin but do no damage.
The adder misses something.
The hobgoblin closely misses you.
You hit the hobgoblin but do no damage. Your bite misses the hobgoblin.
Something bites the hobgoblin but does no damage.
The adder bites something but does no damage.
Something bites the hobgoblin.
The hobgoblin is poisoned.
Something poisons the hobgoblin!
The hobgoblin barely misses you.
The adder closely misses something.
You hit the hobgoblin.
The hobgoblin is heavily wounded.
Something bites the hobgoblin but does no damage.
The adder closely misses something.
The hobgoblin hits something with the +7 hammer "Newtslayer" {freeze, Fragile rN+ Will+}!
The hobgoblin freezes something.
You feel a bit more experienced.
The hobgoblin shouts!
You have reached level 5!
You hit the hobgoblin but do no damage.
The hobgoblin is heavily wounded.
The hobgoblin hits you with the +7 hammer "Newtslayer" {freeze, Fragile rN+ Will+}!
* * * LOW HITPOINT WARNING * * *
The hobgoblin freezes you.
You die...

# .. ... .##.##
#.#.# #.#
...... ........
.####. #.#.#.#
###. ......
....
#.#.#.#.###
####.
......g.>.#
..... #.#∆#@#.#
###.
#......#### #.
###.......# ##
#######.# #.#
###.#####
#.......####
#.#........####
#.##.##........


You could see a hobgoblin (very poisoned).

Vanquished Creatures
  An adder (D:3)
  3 gnolls (D:3)
  2 dart slugs (D:2)
  3 worms
  9 ball pythons
  7 endoplasms
  4 giant cockroaches
  2 goblins
  5 hobgoblins
  2 jackals (D:2)
  3 quokkas
  6 bats
  3 frilled lizards
  7 kobolds
  7 rats
64 creatures vanquished.

Vanquished Creatures (others)
  An adder (D:3)
  3 fungi (D:3)
4 creatures vanquished.

Grand Total: 68 creatures vanquished

Notes
Turn   | Place    | Note
-------+----------+-------------------------------------------
     0 | D:1      | CowFu the Gnoll Artificer began the quest for the Orb.
     0 | D:1      | Reached XP level 1. HP: 17/17 MP: 1/1
     0 | D:1      | Noticed a tentacled monstrosity
     0 | D:1      | Noticed a golden dragon
     1 | D:1      | Noticed an iron dragon
     4 | D:1      | Noticed an iron dragon
     4 | D:1      | Noticed a red draconian
     6 | D:1      | Noticed an iron dragon
    11 | D:1      | Noticed an orb of fire
    13 | D:1      | Noticed a tentacled monstrosity
    15 | D:1      | Noticed a shadow dragon
    15 | D:1      | Noticed an ice dragon
    17 | D:1      | Noticed an orb of fire
    17 | D:1      | Noticed an iron dragon
    17 | D:1      | Noticed a golden dragon
    19 | D:1      | Noticed an iron dragon
   154 | D:1      | Reached XP level 2. HP: 23/23 MP: 2/2
   726 | D:1      | Reached XP level 3. HP: 15/28 MP: 3/3
  1029 | D:2      | Reached skill level 1 in Invocations
  1260 | D:2      | Reached skill level 1 in Short Blades
  1260 | D:2      | Reached skill level 1 in Long Blades
  1260 | D:2      | Reached skill level 1 in Axes
  1260 | D:2      | Reached skill level 1 in Maces & Flails
  1260 | D:2      | Reached skill level 1 in Polearms
  1260 | D:2      | Reached skill level 1 in Staves
  1260 | D:2      | Reached skill level 1 in Ranged Weapons
  1260 | D:2      | Reached skill level 1 in Throwing
  1260 | D:2      | Reached skill level 1 in Shields
  1260 | D:2      | Reached skill level 1 in Unarmed Combat
  1260 | D:2      | Reached skill level 1 in Spellcasting
  1548 | D:2      | Reached XP level 4. HP: 34/34 MP: 5/5
  1979 | D:3      | Reached skill level 1 in Conjurations
  1979 | D:3      | Reached skill level 1 in Hexes
  1979 | D:3      | Reached skill level 1 in Summonings
  1979 | D:3      | Reached skill level 1 in Necromancy
  1979 | D:3      | Reached skill level 1 in Translocations
  1979 | D:3      | Reached skill level 1 in Transmutations
  1979 | D:3      | Reached skill level 1 in Fire Magic
  1979 | D:3      | Reached skill level 1 in Ice Magic
  1979 | D:3      | Reached skill level 1 in Air Magic
  1979 | D:3      | Reached skill level 1 in Earth Magic
  1979 | D:3      | Reached skill level 1 in Poison Magic
  2437 | D:3      | Found a stormy altar of Qazlal.
  2470 | D:3      | Identified the +7 hammer "Newtslayer" {freeze, Fragile rN+
                  | Will+}
  2483 | D:3      | Reached XP level 5. HP: 13/40 MP: 7/7
  2483 | D:3      | HP: 2/40 [hobgoblin/the +7 hammer "Newtslayer" {freeze,
                  | Fragile rN+ Will+} (11)]
  2483 | D:3      | Slain by a hobgoblin

Illustrated notes

Levels and vault maps discovered:
D:1:      shiori_arrival_whats_in_store_for_you, layout_basic
D:2:      layout_basic
D:3:      minmay_spotlight, layout_loops_cross, nicolae_qazlal_eye_of_the_storm,
          nrook_loot_triangle, st_stairs_9, minmay_misc_feat_secret_circle,
          uniq_crazy_yiuf_cottage

Skill      XL: |  1  2  3  4 |
---------------+-------------+-----
Invocations    | 1 |  1.5
Short Blades   | 1 |  1.4
Long Blades    | 1 |  1.4
Axes           | 1 |  1.4
Maces & Flails | 1 |  1.4
Polearms       | 1 |  1.4
Staves         | 1 |  1.4
Ranged Weapons | 1 |  1.4
Throwing       | 1 |  1.4
Shields        | 1 |  1.4
Unarmed Combat | 1 |  1.4
Spellcasting   | 1 |  1.4
Conjurations   | 1 |  1.1
Hexes          | 1 |  1.1
Summonings     | 1 |  1.1
Necromancy     | 1 |  1.1
Translocations | 1 |  1.1
Transmutations | 1 |  1.1
Fire Magic     | 1 |  1.1
Ice Magic      | 1 |  1.1
Air Magic      | 1 |  1.1
Earth Magic    | 1 |  1.1
Poison Magic   | 1 |  1.1
Fighting       | |  2.9
Armour         | |  4.7
Dodging        | |  2.9
Stealth        | |  2.7
Evocations     | |  6.6

Action                     |  1- 3 |  4- 6 || total
---------------------------+-------+-------++-------
  Melee: Club              |    15 |       ||    15
         Bite              |    21 |    14 ||    35
         Staff             |   171 |    68 ||   239
         Punch             |     3 |     1 ||     4
  Evoke: Wand              |     2 |    17 ||    19
   Stab: Sleeping          |     7 |     3 ||    10
 Armour: Leather armour    |    60 |    17 ||    77
  Dodge: Dodged            |   137 |    63 ||   200

Table legend: (Time is in decaauts)
 A = Elapsed time spent in this place.
 B = Non-inter-level travel time spent in this place.
 C = Inter-level travel time spent in this place.
 D = Time resting spent in this place.
 E = Time spent auto-exploring this place.
 F = Levels seen in this place.
 G = Mean time per level.
                   A        B        C        D        E       F      G
               +--------+--------+--------+--------+--------+-----+--------+
         Total |   2523 |   2485 |     38 |      0 |   1946 |   3 |  841.0 |
       Dungeon |   2523 |   2485 |     38 |      0 |   1946 |   3 |  841.0 |
               +--------+--------+--------+--------+--------+-----+--------+

Top non-repeatable levels by time:
     D:2: 1019 daAuts
     D:1: 859 daAuts
     D:3: 645 daAuts
